 Dungeon Crawl Stone Soup version 0.24-a0-500-g46574c2197 (webtiles) character file.

Game seed: 16147112473686917551

32833 KristoblXynda the Carver (level 13, -4/106 HPs)
             Began as a Pale Draconian Skald on July 15, 2019.
             Was the Champion of Okawaru.
             Slain by a wyvern (15 damage)
             ... on level 4 of the Lair of Beasts.
             The game lasted 00:40:24 (24850 turns).

KristoblXynda the Carver (Pale Draconian Skald)    Turns: 24850, Time: 00:40:25

Health: -4/106     AC: 11    Str: 14    XL:     13   Next: 33%
Magic:  24/24      EV: 19    Int: 23    God:    Okawaru [******]
Gold:   1329       SH:  9    Dex: 14    Spells: 12/27 levels left

rFire    + . .     SeeInvis .   A - +6 scimitar
rCold    . . .     Gourm    .   g - +1 shield "Wyxyiggy" {rF+ Int+5}
rNeg     . . .     Faith    .   (armour unavailable)
rPois    .         Spirit   .   (helmet restricted)
rElec    .         Reflect  .   I - +0 cloak
rCorr    .         Harm     .   K - +0 pair of gloves {Dex+3}
MR       .....                  d - +0 pair of boots {run}
Stlth    +.........             (no amulet)
HPRegen  0.27/turn              y - +5 ring of evasion
MPRegen  0.19/turn              x - ring of wizardry

@: short of breath, quick
A: breathe steam, unfitting armour, cold-blooded, AC +8
a: Breathe Steam, Heroism, Finesse, Renounce Religion


You were on level 4 of the Lair of Beasts.
You worshipped Okawaru.
Okawaru was exalted by your worship.
You were not hungry.

You visited 3 branches of the dungeon, and saw 17 of its levels.
You also visited: Sewer and Ossuary.

You collected 1401 gold pieces.
You spent 72 gold pieces at shops.

Inventory:

Hand Weapons
 a - a +1 falchion of flaming
 A - a +6 scimitar (weapon)
 B - a +1 double sword of slicing
Armour
 d - a +0 pair of boots of running (worn)
 g - the +1 shield "Wyxyiggy" (worn) {rF+ Int+5}
   (You found it on level 4 of the Lair of Beasts)

   It affects your intelligence (+5).
   It protects you from fire.
 I - a +0 cloak (worn)
 K - a +0 pair of gloves of dexterity (worn)
Jewellery
 x - a ring of wizardry (right hand)
 y - a +5 ring of evasion (left hand)
Wands
 b - a wand of digging (5)
 m - a wand of scattershot (2)
 v - a wand of paralysis (19)
 D - a wand of acid (5)
 E - a wand of clouds (9)
 H - a wand of iceblast (1)
Scrolls
 e - 3 scrolls of identify
 f - 9 scrolls of teleportation
 t - 3 scrolls of magic mapping
 u - 4 scrolls of remove curse
 J - a scroll of amnesia
Potions
 h - 4 potions of haste
 i - 3 potions of might
 j - 2 potions of mutation
 k - 11 potions of curing
 l - 4 potions of cancellation
 n - 3 potions of brilliance
 o - 5 potions of flight
 p - 2 potions of heal wounds
 q - 2 potions of resistance
 r - 2 potions of invisibility
 s - 4 potions of magic
 z - 3 potions of lignification
 G - 2 potions of agility
Comestibles
 c - 15 rations


   Skills:
 + Level 7.6 Fighting
 + Level 13.2 Long Blades
 - Level 8.1 Dodging
 + Level 1.5 Shields
 + Level 7.6 Spellcasting
 + Level 5.6 Conjurations
 - Level 6.0 Charms
 - Level 8.1 Invocations
 - Level 8.0 Evocations


You had 12 spell levels left.
You knew the following spells:

 Your Spells              Type           Power        Failure   Level  Hunger
a - Petrify               Tmut/Erth      #.......     82%         4    ###....
b - Regeneration          Chrm/Necr      ###.......   14%         3    None
c - Spectral Weapon       Hex/Chrm       ###.....     14%         3    None
d - Song of Slaying       Chrm           #####...     2%          2    None
e - Mephitic Cloud        Conj/Pois/Air  ###.....     22%         3    None

Your spell library contained the following spells:

 Spells                   Type           Power        Failure   Level  Hunger
 Infusion                 Chrm           ####         1%          1    None
 Sting                    Conj/Pois      ###.         5%          1    None
 Shroud of Golubria       Chrm/Tloc      ###...       8%          2    None
 Beastly Appendage        Tmut           #.....       16%         1    None
 Confusing Touch          Hex            #.....       16%         1    None
 Poisonous Vapours        Pois/Air       #.....       26%         2    None
 Sticks to Snakes         Tmut           #.......     26%         2    None
 Confuse                  Hex            #.......     43%         3    None
 Gell's Gravitas          Tloc           #.........   43%         3    None
 Spider Form              Tmut/Pois      #.........   43%         3    None
 Venom Bolt               Conj/Pois      ###.......   78%         5    #####..
 Ice Form                 Ice/Tmut       #.......     82%         4    ###....
 Olgreb's Toxic Radiance  Pois           #.......     82%         4    ###....
 Blade Hands              Tmut           #.........   98%         5    #####..
 Metabolic Englaciation   Hex/Ice        #.........   98%         5    #####..
 Yara's Violent Unravell  Hex/Tmut       #.........   98%         5    #####..


Dungeon Overview and Level Annotations

Branches:
Dungeon (12/15)            Temple (1/1) D:4            Lair (4/6) D:8
  Swamp (0/4) Lair:2        Snake (0/4) Lair:3          Orc (0/2) D:11

Altars:
Ashenzari
Cheibriados
Dithmenos
Elyvilon
Fedhas
Gozag
Hepliaklqana
Kikubaaqudgha
Makhleb
Nemelex Xobeh
Okawaru
Qazlal
Ru
Sif Muna
Trog
Uskayaw
Vehumet
Wu Jian
Xom
Yredelemnul
Zin
The Shining One

Shops:
D:11 =

Portals:
Trove: D:12 (show abyssal rune of Zot)

Annotations:
D:9 3 runed translucent doors, Inarius's ghost, novice DsHu


Innate Abilities, Weirdness & Mutations

You can breathe blasts of scalding, opaque steam.
Your pale cyan-grey scales are hard. (AC +8)
You cannot fit into any form of body armour.
You are cold-blooded and may be slowed by cold attacks.


Message History

You hit the wyvern.
The wyvern is almost dead.
You have got your breath back.
You block the wyvern's attack. The yak gores you.
* * * LOW HITPOINT WARNING * * *
Unknown command.
Okay, then.
Evoke which item? (* to show all) (? for menu, Esc to quit)
Okay, then.
Press: ? - help, Shift-Dir - straight line, f - yak
Aim: a yak (heavily wounded)
You exhale a blast of scalding steam.
The ball of steam hits the yak!
The yak is severely wounded.
You feel somewhat more hungry. You block the wyvern's attack.
The yak is engulfed in a cloud of scalding steam.
The yak closely misses you.
You riposte.
You completely miss the yak.
Your tail-slap misses the yak.
The yak is almost dead.
The wyvern bites you!
You die...

..................
..................
..............(...
..............##.
###...P....##...###
#.#...P##...P..###
#..ยง.# #...P..#.#
#lY.<# #..#....###
#@...###...#......
##Y..#P...#.......
#.................
##................#
#.................#
##...##.#P#P##.###.
#....#.######### ##
##..... # #....##
##


You could see 2 yaks and a wyvern.

Vanquished Creatures
  Erolcha (D:10)
  A hydra (Lair:4)
  2 two-headed ogres
  A death yak (Lair:4)
  An orc high priest (D:12)
  A skeletal warrior (D:12)
  Pikel (D:7)
  An orc knight (D:11)
  2 ugly things
  2 oklob plants (Lair:1)
  A manticore (shapeshifter) (D:12)
  Maurice (D:8)
  2 black mambas
  A gargoyle (D:10)
  4 komodo dragons
  5 spiny frogs (Lair:3)
  2 rime drakes
  A kobold demonologist (D:12)
  A tengu conjurer (D:12)
  A merfolk (D:11)
  2 hornets
  4 trolls
  A polar bear (Lair:2)
  7 blink frogs
  12 hippogriffs
  2 wyverns
  A wraith (D:12)
  20 yaks
  A steam dragon (D:7)
  A hungry ghost (D:12)
  5 insubstantial wisps (Lair:2)
  A soldier ant (D:10)
  11 water moccasins
  11 porcupines
  A hornet zombie (D:12)
  17 orc warriors
  An ice beast (D:4)
  4 slaves (D:7)
  4 phantoms
  A sky beast (D:9)
  5 ogres
  2 eyes of draining
  7 centaurs
  9 crocodiles
  11 big kobolds
  3 gnoll sergeants
  A wyvern zombie (Ossuary)
  15 bullfrogs
  A water moccasin zombie (Ossuary)
  2 wyvern skeletons (D:12)
  3 scorpions
  8 wights
  3 crimson imps
  A bullfrog zombie (Ossuary)
  5 howler monkeys
  4 centaur zombies
  6 hounds
  2 jellies
  A bullfrog skeleton (D:7)
  3 centaur skeletons
  9 orc wizards
  An iron imp (D:7)
  8 orc priests
  3 iguanas
  6 worker ants
  2 killer bee zombies (Ossuary)
  2 hound zombies
  2 hound skeletons (D:6)
  16 mummies (Ossuary)
  3 worker ant zombies (Ossuary)
  A howler monkey zombie (Ossuary)
  13 gnolls
  16 adders
  6 river rats (Sewer)
  A shadow imp (D:5)
  3 oozes
  2 adder zombies
  4 worms
  3 dart slugs (D:1)
  11 leopard geckos
  63 orcs
  11 giant cockroaches
  10 goblins
  20 hobgoblins
  10 jackals
  A quokka (D:2)
  3 ball pythons
  10 bats
  3 frilled lizards
  2 jackal zombies
  61 kobolds
  A leopard gecko skeleton (D:5)
  2 leopard gecko zombies
  A quokka skeleton (D:4)
  2 quokka zombies (Ossuary)
  28 rats
  A fungus (Lair:4)
  A plant (Lair:1)
573 creatures vanquished.

Vanquished Creatures (others)
  A crocodile (Lair:2)
  2 jackals (D:7)
  3 fungi (Lair:3)
  2 plants
  5 withered plants (Ossuary)
13 creatures vanquished.

Grand Total: 586 creatures vanquished

Notes
Turn   | Place    | Note
-------+----------+-------------------------------------------
     0 | D:1      | KristoblXynda the Draconian Skald began the quest for the
                  | Orb.
     0 | D:1      | Reached XP level 1. HP: 17/17 MP: 3/3
   254 | D:1      | Reached XP level 2. HP: 23/24 MP: 5/5
   783 | D:1      | Reached XP level 3. HP: 27/29 MP: 6/6
   927 | D:2      | Found a burning altar of Makhleb.
   927 | D:2      | Found an iron altar of Okawaru.
   940 | D:2      | Reached skill level 3 in Long Blades
  1505 | D:2      | Reached XP level 4. HP: 27/36 MP: 7/7
  2304 | D:2      | Found a faded altar of an unknown god.
  2555 | D:3      | Found a glowing drain.
  2564 | D:3      | Reached XP level 5. HP: 29/41 MP: 8/8
  2581 | D:3      | Reached skill level 4 in Long Blades
  2681 | Sewer    | Entered a sewer
  4176 | Sewer    | Reached XP level 6. HP: 48/48 MP: 9/9
  4355 | Sewer    | Learned a level 3 spell: Regeneration
  4359 | Sewer    | Learned a level 3 spell: Spectral Weapon
  4385 | Sewer    | Learned a level 2 spell: Song of Slaying
  5104 | D:2      | Became a worshipper of Warmaster Okawaru
  5127 | D:4      | Noticed an orc warrior
  5290 | D:4      | Reached skill level 5 in Long Blades
  5792 | D:4      | Killed an orc warrior
  5792 | D:4      | Your scales start taking on a pale cyan-grey colour.
  5792 | D:4      | Reached XP level 7. HP: 12/55 MP: 10/10
  6219 | D:4      | Found a staircase to the Ecumenical Temple.
  6227 | Temple   | Entered the Ecumenical Temple
  6373 | D:5      | Entered Level 5 of the Dungeon
  6406 | D:4      | Reached skill level 6 in Long Blades
  6657 | D:5      | Reached * piety under Okawaru
  7000 | D:5      | Reached skill level 7 in Long Blades
  7000 | D:5      | Reached skill level 5 in Charms
  7000 | D:5      | Reached XP level 8. HP: 43/61 MP: 11/11
  7573 | D:6      | Reached ** piety under Okawaru
  7606 | D:6      | Found a sand-covered staircase.
  7611 | Ossuary  | Entered an ossuary
  7801 | Ossuary  | Reached skill level 5 in Dodging
  8114 | Ossuary  | Reached skill level 8 in Long Blades
  8742 | D:6      | Reached *** piety under Okawaru
  8773 | D:6      | Reached XP level 9. HP: 67/67 MP: 12/12
  8858 | D:6      | Found a glowing silver altar of Zin.
  8858 | D:6      | Noticed an angel
  8861 | D:6      | Found a shimmering altar of Xom.
  9119 | D:6      | Reached skill level 9 in Long Blades
  9119 | D:6      | Reached skill level 1 in Invocations
  9905 | D:7      | Found a snail-covered altar of Cheibriados.
 10134 | D:7      | Found a stormy altar of Qazlal.
 10167 | D:7      | Reached **** piety under Okawaru
 10171 | D:7      | Reached skill level 10 in Long Blades
 10572 | D:7      | Reached skill level 1 in Evocations
 11047 | D:7      | Noticed Pikel
 11067 | D:7      | Killed Pikel
 11067 | D:7      | Reached XP level 10. HP: 6/73 MP: 13/13
 11655 | D:8      | Found an ornate altar of the Wu Jian Council.
 11826 | D:8      | Noticed Maurice
 11835 | D:8      | Killed Maurice
 11835 | D:8      | Reached ***** piety under Okawaru
 11835 | D:8      | Reached skill level 5 in Invocations
 12263 | D:8      | Found a sacrificial altar of Ru.
 12288 | D:8      | Found a glowing golden altar of the Shining One.
 12487 | D:8      | Found a staircase to the Lair.
 12786 | D:8      | Learned a level 3 spell: Mephitic Cloud
 13052 | D:9      | Noticed Inarius's ghost (novice DsHu)
 13258 | D:9      | Found a runed translucent gate.
 13258 | D:9      | Found a runed translucent gate.
 13258 | D:9      | Found a runed translucent gate.
 13490 | D:9      | Reached skill level 5 in Evocations
 13566 | D:10     | Entered Level 10 of the Dungeon
 13579 | D:10     | Reached skill level 11 in Long Blades
 13617 | D:10     | Reached XP level 11. HP: 36/79 MP: 15/15
 14372 | D:10     | Noticed Erolcha
 14389 | D:10     | Killed Erolcha
 15106 | D:10     | Received a gift from Okawaru
 15474 | D:11     | Noticed an orc knight
 15482 | D:11     | Killed an orc knight
 16060 | D:11     | Noticed a two-headed ogre
 16068 | D:11     | Killed a two-headed ogre
 16072 | D:11     | Noticed a cyan ugly thing
 16083 | D:11     | Killed a cyan ugly thing
 16283 | D:11     | Found Necyv's Jewellery Emporium.
 16302 | D:11     | Bought a cursed ring of teleportation for 72 gold pieces
 16410 | D:11     | Found a staircase to the Orcish Mines.
 17381 | D:12     | Noticed a red ugly thing
 17465 | D:12     | Reached ****** piety under Okawaru
 17596 | D:12     | Noticed a two-headed ogre
 17619 | D:12     | Found a portal to a secret trove of treasure.
 17963 | D:12     | Reached skill level 12 in Long Blades
 17963 | D:12     | Reached XP level 12. HP: 89/89 MP: 19/19
 17969 | D:12     | Learned a level 4 spell: Petrify
 17994 | D:12     | Killed a two-headed ogre
 17994 | D:12     | Received a gift from Okawaru
 17994 | D:12     | Reached skill level 5 in Spellcasting
 18133 | D:12     | Reached skill level 1 in Conjurations
 18407 | D:12     | Noticed an orc high priest
 18413 | D:12     | Killed an orc high priest
 18413 | D:12     | Reached skill level 5 in Fighting
 18674 | D:12     | Noticed a storm dragon
 18988 | D:12     | Noticed a sphinx
 19081 | Lair:1   | Entered Level 1 of the Lair of Beasts
 19240 | Lair:1   | Received a gift from Okawaru
 19338 | Lair:1   | Identified a +0 pair of boots of running (Okawaru gifted it
                  | to you on level 1 of the Lair of Beasts)
 20418 | Lair:2   | Found a staircase to the Swamp.
 21938 | Lair:3   | Reached XP level 13. HP: 104/104 MP: 23/23
 22114 | Lair:3   | Reached skill level 13 in Long Blades
 22425 | Lair:3   | Reached skill level 5 in Conjurations
 22644 | Lair:3   | Found a staircase to the Snake Pit.
 24082 | Lair:4   | Got a blackened shield
 24083 | Lair:4   | Identified the +1 shield "Wyxyiggy" {rF+ Int+5} (You found
                  | it on level 4 of the Lair of Beasts)
 24299 | Lair:4   | Received a gift from Okawaru
 24299 | Lair:4   | Reached skill level 1 in Shields
 24850 | Lair:4   | Slain by a wyvern

Levels and vault maps discovered:
D:1:      dpeg_arrival_simpleton_c, layout_basic, serial_glass, glass_columns_c,
          glass_columns_a, glass_columns_a, glass_columns_a, glass_columns_b,
          glass_columns_c, glass_columns_a, glass_columns_b, glass_columns_a,
          glass_columns_c
D:2:      layout_loops_ring, nicolae_overflow_hidden_temple, first_ration,
          chequers_ecumenical_altar_simple
D:3:      layout_basic, gup_sewer_entry_pipe
D:4:      layout_basic, minmay_temple_entry_statues_pillars, solitary_fountain
D:5:      cheibrodos_thug_alley, layout_basic
D:6:      minmay_inner_zag, layout_basic,
          grunt_temple_overflow_order_and_chaos_1,
          nicolae_ossuary_entry_false_entrances, roderic_serpentine_path,
          minivault_10, roderic_lattice_a, grunt_ministairs_6,
          serial_park_tiny_1, minmay_misc_feat_nine_boxes
D:7:      layout_basic, lemuel_doored_altar, slow_altar_1, uniq_pikel
D:8:      layout_cave_pools, kennysheep_little_box, nicolae_ru_awakened_eye,
          overflow_temple_1_default, david_lair_shrubbed, uniq_maurice
D:9:      layout_roguey, gammafunk_ghost_icy
D:10:     layout_stronghold, uniq_erolcha
D:11:     cheibrodos_orc_bank, layout_gridville,
          kennysheep_orc_monster_closet_entryway, serial_shops, shop,
          hangedman_fish_farm, kennysheep_decorative_pillar,
          minmay_misc_feat_four_crosses
D:12:     evilmike_diamond_1, layout_basic, enter_trove_0
Temple:   dshaligram_water_room_temple
Lair:1:   layout_chaotic_city, beast_lair_carwin_4, minmay_lair_oklob_chamber
Lair:2:   layout_regular_city, minmay_swamp_entry_wisps, grunt_megastairs_3,
          lemuel_fruit_tree
Lair:3:   layout_layer_cave, dummy_snake_entry, minivault_27,
          chequers_serial_rivers_large_b, infiniplex_staircase_pool_2,
          lemuel_fruit_fields
Lair:4:   layout_gridlike, beast_lair_carwin_6, grunt_megastairs_4

Skill      XL: |  1  2  3  4  5  6  7  8  9 10 11 12 13 |
---------------+----------------------------------------+-----
Charms         | 3 4 5 6 |  6.0
Long Blades    | 3 4 5 7 8 10 11 12 13 | 13.2
Dodging        | 3 4 5 7 8 |  8.1
Invocations    | 4 6 8 |  8.1
Evocations     | 2 5 7 8 |  8.0
Spellcasting   | 4 7 |  7.6
Fighting       | 3 6 7 |  7.6
Conjurations   | 4 5 |  5.6
Shields        | 1 |  1.5

Action                   |  1- 3 |  4- 6 |  7- 9 | 10-12 | 13-15 || total
-------------------------+-------+-------+-------+-------+-------++-------
Melee: Falchion          |   118 |   240 |    85 |       |     5 ||   448
       Tailslap          |    14 |    46 |    60 |   105 |    21 ||   246
       Dagger            |       |   163 |   195 |       |       ||   358
       Scimitar          |       |       |   166 |   686 |   123 ||   975
 Cast: Regeneration      |       |       |       |     4 |       ||     4
 Abil: Breathe Steam     |       |       |    29 |    63 |    10 ||   102
Evoke: Wand              |       |       |     1 |    16 |     2 ||    19
  Use: Scroll            |       |    10 |    12 |    12 |     1 ||    35
       Potion            |       |     6 |       |     3 |     1 ||    10
 Stab: Sleeping          |       |     2 |     1 |     3 |       ||     6
       Distracted        |       |     1 |       |       |       ||     1
  Eat: Chunk             |     2 |    11 |    21 |    31 |     6 ||    71
       Ration            |       |     1 |     2 |     2 |     1 ||     6
Armor: Skin              |    45 |   122 |   115 |   116 |    15 ||   413
Dodge: Dodged            |    73 |   378 |   274 |   625 |   121 ||  1471
Block: Shield            |       |       |       |       |    34 ||    34
       Rpst.: Falchion   |    24 |    94 |    16 |       |       ||   134
       Scimitar          |       |       |    36 |   169 |    37 ||   242

Table legend:
 A = Non-vault XP
 B = Vault XP
 C = Vault XP percentage of total XP
 D = Non-vault monster count
 E = Vault monster count
 F = Vault count percentage of total count
                 A         B        C        D         E       F
            +---------+---------+-------+---------+---------+-------
      Total |   30166 |   16739 |  35.7 |     383 |     186 |  32.7
            +---------+---------+-------+---------+---------+-------
        D:1 |      52 |       0 |   0.0 |      27 |       0 |   0.0
        D:2 |     115 |       0 |   0.0 |      29 |       0 |   0.0
        D:3 |      63 |      21 |  25.0 |      22 |       8 |  26.7
        D:4 |     518 |       0 |   0.0 |      21 |       0 |   0.0
        D:5 |     498 |     212 |  29.9 |      16 |      11 |  40.7
        D:6 |     777 |     113 |  12.7 |      13 |       5 |  27.8
        D:7 |    2284 |     680 |  22.9 |      39 |       2 |   4.9
        D:8 |    1195 |     897 |  42.9 |      30 |       2 |   6.2
        D:9 |    1689 |       0 |   0.0 |      32 |       0 |   0.0
       D:10 |    2730 |    1085 |  28.4 |      38 |       1 |   2.6
       D:11 |    1834 |    3083 |  62.7 |      14 |      39 |  73.6
       D:12 |    5291 |    4043 |  43.3 |      42 |      14 |  25.0
     Lair:1 |    1467 |    2278 |  60.8 |       8 |       9 |  52.9
     Lair:2 |    2495 |     959 |  27.8 |      15 |       6 |  28.6
     Lair:3 |    5194 |       0 |   0.0 |      20 |       0 |   0.0
     Lair:4 |    3964 |    2379 |  37.5 |      17 |       8 |  32.0
      Sewer |       0 |     184 | 100.0 |       0 |      48 | 100.0
    Ossuary |       0 |     805 | 100.0 |       0 |      33 | 100.0
            +---------+---------+-------+---------+---------+-------
